 Dungeon Crawl Stone Soup version 0.17-a0-1399-gd5b76e1 (webtiles) character file.

30 bal the Insei (level 3, -1/19 HPs)
             Began as a Vine Stalker Monk on June 19, 2015.
             Slain by Jessica
             ... wielding a +0 club
              (5 damage)
             ... on level 2 of the Dungeon.
             The game lasted 00:02:30 (995 turns).

bal the Insei (Vine Stalker Monk)                    Turns: 995, Time: 00:02:30

Health: -1/19      AC:  2    Str: 13    XL:     3   Next: 18%
Magic:  0/4        EV: 13    Int: 10    God:
Gold:   43         SH:  0    Dex: 17    Spells: 0 memorised, 2 levels left

rFire  . . .     SeeInvis .     h - +0 dagger
rCold  . . .     Clarity  .     a - +0 robe
rNeg   . . .     SustAt   .     (no shield)
rPois  .         Gourm    .     (no helmet)
rElec  .         Spirit   +     (no cloak)
rCorr  .         Warding  .     (no gloves)
rMut   .         Stasis   .     (no boots)
MR     .....                    (no amulet)
Stlth  ++........               (no ring)
                                (no ring)

@: not resistant to hostile enchantments, unstealthy
A: fangs 2, regeneration 1, magic shield, antimagic bite, no device heal 3, rot
immunity
a: no special abilities


You were on level 2 of the Dungeon.
You were not hungry.

You visited 1 branch of the dungeon, and saw 2 of its levels.

You collected 43 gold pieces.

Inventory:

Hand weapons
 h - a +0 dagger (weapon)
Armour
 a - a +0 robe (worn)
Jewellery
 j - a cursed ring of sustain attributes {unknown}
Scrolls
 c - 2 scrolls of teleportation {unknown}
 d - 2 scrolls of identify {unknown}
 e - 2 scrolls of enchant weapon {unknown}
 f - a scroll of noise {unknown}
 k - a scroll of amnesia {unknown}
 l - a scroll of fog {unknown}
Potions
 g - a potion of agility {unknown}
 i - 4 potions of curing {unknown}
Comestibles
 b - a bread ration


   Skills:
 + Level 2.9 Fighting
 + Level 2.8 Dodging
 + Level 2.9 Stealth
 + Level 4.3 Unarmed Combat


You had 2 spell levels left.
You didn't know any spells.

Dungeon Overview and Level Annotations

Branches:
Dungeon (2/15)

Altars:
Ru

Annotations:
D:2 Jessica


Innate Abilities, Weirdness & Mutations

You have extremely sharp teeth.
Your natural rate of healing is unusually fast.
When hurt, damage is shared between your health and your magic reserves.
Your bite disrupts and absorbs the magic of your enemies.
Potions and wands cannot restore your health.
You are immune to rotting.


Message History

Jessica is lightly wounded.
Jessica misses you.
You barely miss Jessica. You bite Jessica, but do no damage.
Jessica mumbles some strange words.
Jessica blinks!
Jessica casts a spell.
Jessica blinks!
There is an open door here.
Jessica very coldly says, "I hate your company."
Jessica gestures at you while chanting. Pain shoots through your body!
* * * LOW HITPOINT WARNING * * *
You completely miss Jessica.
Jessica mumbles some strange words.
Jessica seems to speed up.
You hit Jessica but do no damage. Your bite misses Jessica.
Jessica closely misses you.
You hit Jessica but do no damage. Jessica hits you but does no damage.
You hit Jessica but do no damage. Jessica hits you with a club.
You die...

.## #.#.... ##.
..>..#...# #..
#.#.#...### #..
...#...#_# . #..
#†#.....# ....#..
#..###'#+### .......
##..#...#...# .#.##..
#...#.......# ###
########..####@..###
#.......†..#..@..(.#
#.#####.#..#..)....#
.....##...........#..#
#.............###.#
####........... .#
#.##....#.##. ...
#.§.....##....#.# ##
... ##########....#.#
#.#


You could see Jessica.

Vanquished Creatures
  A worm (D:2)
  3 bats
  5 goblins (D:1)
  5 hobgoblins
  6 giant newts
  4 kobolds
  4 rats
28 creatures vanquished.

Vanquished Creatures (others)
  A goblin (D:1)
1 creature vanquished.

Grand Total: 29 creatures vanquished

Notes
Turn   | Place    | Note
--------------------------------------------------------------
     0 | D:1      | bal the Vine Stalker Monk began the quest for the Orb.
     0 | D:1      | Reached XP level 1. HP: 11/11 MP: 2/2
   273 | D:1      | Reached XP level 2. HP: 16/16 MP: 3/3
   857 | D:2      | Reached XP level 3. HP: 8/19 MP: 2/4
   936 | D:2      | Found a sacrificial altar of Ru.
   956 | D:2      | Noticed Jessica
   995 | D:2      | Slain by Jessica

Vault maps used:
D:1:      shiori_arrival_maze, lemuel_old_faithful
D:2:      hangedman_ru_absence, uniq_jessica

Action                   || total
-------------------------++-------
Melee: Unarmed           ||    10
       Dagger            ||    84
 Stab: Sleeping          ||     6
